 Dungeon Crawl Stone Soup version 0.29-a0-872-g797fff5ad1 (webtiles) character file.

Game seed: 6103704868797768568

701 siradein the Charlatan (level 7, -9/54 HPs)
             Began as a Demonspawn Artificer on July 19, 2022.
             Mangled by Edmund
             ... wielding a +6 flail of protection
              (20 damage)
             ... on level 5 of the Dungeon.
             The game lasted 00:14:04 (5110 turns).

siradein the Charlatan (Demonspawn Artificer)       Turns: 5110, Time: 00:14:07

Health: -9/54      AC:  7    Str: 12    XL:     7   Next: 38%
Magic:  7/7        EV: 13    Int: 12    God:
Gold:   238        SH:  3    Dex: 16    Spells: 6/6 levels left

rFire   . . .      SeeInvis .   y - +0 falchion
rCold   . . .      Faith    .   j - +0 buckler
rNeg    + . .      Spirit   .   v - +2 robe "Ifad" {rN+ Slay+3}
rPois   .          Reflect  .   (no helmet)
rElec   .          Harm     .   (no cloak)
rCorr   .          Rampage  .   l - +0 pair of gloves
Will    .....                   (no boots)
Stlth   ++........              (no amulet)
HPRegen 0.18/turn               (no ring)
MPRegen 0.10/turn               (no ring)

@: no status effects
A: icy blue scales 1, powered by death 2, demonic touch 2
a: no special abilities


You were on level 5 of the Dungeon.
You visited 1 branch of the dungeon, and saw 5 of its levels.

You collected 238 gold pieces.

Inventory:

Hand Weapons
 y - a +0 falchion (weapon)
Missiles
 g - a throwing net
 m - 7 boomerangs (quivered)
Armour
 j - a +0 buckler (worn)
 l - a +0 pair of gloves (worn)
 v - the +2 robe "Ifad" (worn) {rN+ Slay+3}
   (You found it on level 4 of the Dungeon)

   Slay:      It affects your accuracy & damage with ranged weapons and melee
   (+3).
   rN:        It protects you from negative energy.
Wands
 d - a wand of charming (14)
 e - a wand of iceblast (6)
 s - a wand of digging (7)
Scrolls
 f - 2 scrolls of identify {unknown}
 h - 3 scrolls of amnesia {unknown}
 i - a scroll of brand weapon {unknown}
 q - a scroll of vulnerability {unknown}
 w - a scroll of teleportation {unknown}
 x - 2 scrolls of blinking {unknown}
 A - a scroll of torment {unknown}
Potions
 a - a potion of lignification {unknown}
 b - 2 potions of magic {unknown}
 k - a potion of brilliance {unknown}
 n - 4 potions of curing {unknown}
 o - 2 potions of haste
 p - 2 potions of mutation {unknown}
 r - a potion of attraction {unknown}
 t - 2 potions of invisibility {unknown}
 u - a potion of might {unknown}
 z - a potion of flight {unknown}


   Skills:
 + Level 4.0 Fighting
 + Level 4.0 Armour
 + Level 3.6 Dodging
 - Level 0.8 Stealth
 + Level 5.0 Evocations


You had 6 spell levels left.
You didn't know any spells.
Your spell library contained the following spells:

 Spells                   Type           Power      Damage    Failure   Level
 Apportation              Tloc           0%         N/A       41%         1
 Alistair's Intoxication  Tmut/Pois      0%         N/A       100%        5
 Freezing Cloud           Conj/Ice/Air   0%         6-21      100%        5
 Simulacrum               Ice/Necr       0%         N/A       100%        6
 Polar Vortex             Ice            0%         N/A       100%        9


Dungeon Overview and Level Annotations

Branches:
Dungeon (5/15)
 Temple: D:4-7

Altars:
Dithmenos

Shops:
D:1 *   D:5 :

Annotations:
D:5 Edmund


Innate Abilities, Weirdness & Mutations

You are partially covered in icy blue scales. (AC +2)
You regenerate health from kills.
Your touch may inflict irresistible damage on your foes.


Message History

Press: ? - help, Shift-Dir - straight line, f/p - Edmund
Aim: Edmund, wielding a +6 flail of protection and wearing a +0 ring mail (moderately wounded, berserk)
The mass of ice explodes!
The iceblast engulfs Edmund!
Edmund is heavily wounded.
Aiming: Throw Flame
Press: ? - help, Shift-Dir - straight line, f/p - Edmund
Aim: Edmund, wielding a +6 flail of protection and wearing a +0 ring mail (heavily wounded, berserk, 77% to hit)
The puff of flame hits Edmund!
Edmund is heavily wounded.
Edmund hits you with a +6 flail of protection!
Okay, then.
Okay, then.
Aiming: Throw Flame
Press: ? - help, Shift-Dir - straight line, f/p - Edmund
Aim: Edmund, wielding a +6 flail of protection and wearing a +0 ring mail (heavily wounded, berserk, 77% to hit)
The puff of flame hits Edmund but does no damage.
Edmund is heavily wounded.
Edmund hits you with a +6 flail of protection!
Edmund barely misses you.
Aiming: Throw Flame
Press: ? - help, Shift-Dir - straight line, f/p - Edmund
Aim: Edmund, wielding a +6 flail of protection and wearing a +0 ring mail (heavily wounded, berserk, 77% to hit)
The puff of flame hits Edmund but does no damage.
Edmund is heavily wounded.
Edmund closely misses you.
Aiming: Throw Flame
Press: ? - help, Shift-Dir - straight line, f/p - Edmund
Aim: Edmund, wielding a +6 flail of protection and wearing a +0 ring mail (heavily wounded, berserk, 77% to hit)
The puff of flame hits Edmund.
Edmund is severely wounded.
The now-empty wand crumbles to dust.
You block Edmund's attack.
Edmund hits you with a +6 flail of protection!!
Ouch! That really hurt!
* * * LOW HITPOINT WARNING * * *
Aiming: Charm
Press: ? - help, Shift-Dir - straight line, f/p - Edmund
Aim: Edmund, wielding a +6 flail of protection and wearing a +0 ring mail (heavily wounded, berserk, chance to affect: 62%) Edmund resists with significant effort.
Edmund hits you with a +6 flail of protection!!
You die...

......# ..>....
.......### #
....∩....# .#
#.......##.##
#....<..#...##
.###..........#
......@@8#....###
.......#........#
#.######..#.#....
#..#.# #.#
######..#.# #.#
........#.###.#
#######.......####
###.#......#
#.#....#.#


You could see Edmund (berserk).

Vanquished Creatures
  Grinder (D:3)
  2 ogres (D:4)
  A hound (D:4)
  An orc wizard (D:3)
  Natasha (thrice) (D:2)
  3 gnolls (D:2)
  7 adders
  A white imp (D:4)
  An ufetubus (D:5)
  5 worms
  A dart slug (D:1)
  10 orcs
  5 ball pythons
  7 endoplasms
  6 giant cockroaches
  12 goblins
  3 hobgoblins (D:3)
  5 jackals
  2 quokkas
  6 bats
  3 frilled lizards
  4 kobolds
  2 rats
91 creatures vanquished.

Vanquished Creatures (others)
  8 plants
8 creatures vanquished.

Grand Total: 99 creatures vanquished

Notes
Turn   | Place    | Note
-------+----------+-------------------------------------------
     0 | D:1      | siradein the Demonspawn Artificer began the quest for the
                  | Orb.
     0 | D:1      | Reached XP level 1. HP: 15/15 MP: 1/1
   119 | D:1      | Reached skill level 1 in Dodging
   396 | D:1      | Gained mutation: You regenerate a little health from kills.
                  | [demonic ancestry]
   396 | D:1      | Reached XP level 2. HP: 12/21 MP: 2/2
  1359 | D:1      | Found Wiezeuf's Assorted Antiques.
  1665 | D:2      | Reached XP level 3. HP: 26/26 MP: 3/3
  1813 | D:2      | Found a faded altar of an unknown god.
  1820 | D:2      | Noticed Natasha
  1827 | D:2      | Killed Natasha
  1828 | D:2      | Gained mutation: Your touch may inflict minor irresistible
                  | damage on your foes. [demonic ancestry]
  1828 | D:2      | Reached XP level 4. HP: 25/33 MP: 4/4
  1931 | D:2      | Noticed Natasha
  1941 | D:2      | Killed Natasha
  2153 | D:2      | Noticed Natasha
  2164 | D:2      | Killed Natasha
  2605 | D:2      | Gained mutation: You regenerate health from kills. [demonic
                  | ancestry]
  2605 | D:2      | Reached XP level 5. HP: 20/39 MP: 5/5
  3344 | D:3      | Reached skill level 4 in Evocations
  3573 | D:3      | Found a shadowy altar of Dithmenos.
  3731 | D:3      | Noticed Grinder
  3740 | D:3      | Killed Grinder
  3741 | D:3      | Gained mutation: You are partially covered in icy blue
                  | scales. (AC +2) [demonic ancestry]
  3741 | D:3      | Reached XP level 6. HP: 44/47 MP: 6/6
  4487 | D:4      | Identified the +2 robe "Ifad" {rN+ Slay+3}
  4597 | D:4      | Gained mutation: Your touch may inflict irresistible damage
                  | on your foes. [demonic ancestry]
  4597 | D:4      | Reached XP level 7. HP: 52/52 MP: 7/7
  4754 | D:4      | Reached skill level 5 in Evocations
  5085 | D:5      | Entered Level 5 of the Dungeon
  5097 | D:5      | Found Wigh's Book Boutique.
  5100 | D:5      | Noticed Edmund
  5110 | D:5      | Mangled by Edmund

Illustrated notes

Levels and vault maps discovered:
D:1:      dreamdust_arrival_beginning_and_end, layout_basic, serial_shops,
          nicolae_shop_crystal, serial_forest, infiniplex_forest_clump_curved,
          infiniplex_forest_zigzag_1, infiniplex_forest_clump_long,
          infiniplex_forest_clump_tiny
D:2:      layout_rooms, hellmonk_ecumenical_altar_dog_temple, basic_altar,
          serial_forest, infiniplex_forest_lined_corner,
          infiniplex_forest_clump_curved, infiniplex_forest_lined_room_3,
          infiniplex_forest_diagonal, infiniplex_forest_straight_2,
          infiniplex_forest_clump_long, nicolae_wormholes, uniq_natasha
D:3:      minmay_chambers_of_twos, layout_loops_corners,
          grunt_dithmenos_smoke_and_mirrors, nicolae_figureground_sparkle,
          uniq_grinder
D:4:      cheibrodos_old_hovel, layout_rooms, nicolae_hexahallways, st_stairs_7,
          kennysheep_doodads, supply_closet_lemuel
D:5:      layout_loops_corners, serial_shops, nicolae_stop_n_shop_1, uniq_edmund

Skill      XL: |  1  2  3  4  5  6  7 |
---------------+----------------------+-----
Dodging        | 1 2 3 |  3.6
Armour         | 2 3 4 |  4.0
Fighting       | 2 3 4 |  4.0
Evocations     | 4 5 |  5.0
Stealth        | |  0.8

Action                   |  1- 3 |  4- 6 |  7- 9 || total
-------------------------+-------+-------+-------++-------
Melee: Club              |    84 |       |       ||    84
       Quarterstaff      |    24 |   124 |       ||   148
       Punch             |     1 |       |       ||     1
       Dagger            |       |    45 |    20 ||    65
       Touch             |       |     8 |       ||     8
       Falchion          |       |       |     3 ||     3
Throw: Boomerang         |       |     4 |    30 ||    34
Evoke: Wand              |     2 |    11 |     6 ||    19
Armor: Leather armour    |    35 |     1 |       ||    36
       Scale mail        |       |   104 |       ||   104
       Robe              |       |       |     8 ||     8
Dodge: Dodged            |    55 |   111 |     9 ||   175
Block: Buckler           |       |       |     3 ||     3

Table legend: (Time is in decaauts)
 A = Elapsed time spent in this place.
 B = Non-inter-level travel time spent in this place.
 C = Inter-level travel time spent in this place.
 D = Time resting spent in this place.
 E = Time spent auto-exploring this place.
 F = Levels seen in this place.
 G = Mean time per level.
                   A        B        C        D        E       F      G
               +--------+--------+--------+--------+--------+-----+--------+
         Total |   5196 |   5055 |    141 |    732 |   3425 |   5 | 1039.2 |
       Dungeon |   5196 |   5055 |    141 |    732 |   3425 |   5 | 1039.2 |
               +--------+--------+--------+--------+--------+-----+--------+

Top non-repeatable levels by time:
     D:1: 1824 daAuts
     D:3: 1348 daAuts
     D:2: 1216 daAuts
     D:4: 780 daAuts
     D:5: 26 daAuts
